 Dungeon Crawl Stone Soup version 0.18.1-5-g4a78601 (webtiles) character file.

73 Charly the Insei (level 4, -2/21 HPs)
             Began as a Vine Stalker Transmuter on May 11, 2016.
             Slain by a river rat (4 damage)
             ... in a sewer.
             The game lasted 00:07:13 (536 turns).

Charly the Insei (Vine Stalker Transmuter)           Turns: 536, Time: 00:07:14

Health: -2/21      AC:  2    Str: 13    XL:     4   Next: 27%
Magic:  0/8        EV: 12    Int: 19    God:
Gold:   25         SH:  0    Dex: 14    Spells: 3 memorised, 1 level left

rFire  . . .     SeeInvis .       - Unarmed
rCold  . . .     Gourm    .     b - +0 robe
rNeg   . . .     Faith    .     (no shield)
rPois  .         Spirit   +     (no helmet)
rElec  .         Dismiss  .     (no cloak)
rCorr  .         Reflect  .     (no gloves)
SustAt .         Harm     .     (no boots)
MR     .....                    (no amulet)
Stlth  +.........               (no ring)
                                (no ring)

@: brilliant, lethally poisoned (-2 -> -3), very slightly contaminated, not
resistant to hostile enchantments, very unstealthy
A: fangs 2, regeneration 1, magic shield, antimagic bite, no device heal 3, rot
immunity
a: no special abilities


You were in a sewer.
You were not hungry.

You visited 1 branch of the dungeon, and saw 5 of its levels.
You also visited: Sewer.

You collected 25 gold pieces.

Inventory:

Missiles
 a - 44 arrows
 e - 10 poisoned needles
Armour
 b - a +0 robe (worn)
Scrolls
 g - 3 scrolls of recharging {unknown}
Books
 c - a book of Changes

   Spells                             Type                      Level
   a - Beastly Appendage              Transmutation                1
   b - Sticks to Snakes               Transmutation                2
   c - Spider Form                    Transmutation/Poison         3
   d - Ice Form                       Ice/Transmutation            4
   e - Blade Hands                    Transmutation                5
Comestibles
 d - a bread ration
 f - 2 meat rations


   Skills:
 - Level 0.8 Fighting
 - Level 1.5 Dodging
 + Level 4.3 Unarmed Combat
 - Level 2.1 Spellcasting
 - Level 3.0 Transmutations


You had one spell level left.
You knew the following spells:

 Your Spells              Type           Power        Failure   Level  Hunger
b - Beastly Appendage     Trmt           ####..       1%          1    #......
s - Sticks to Snakes      Trmt           ####....     1%          2    ##.....
S - Spider Form           Trmt/Pois      ###.......   3%          3    ###....


Dungeon Overview and Level Annotations

Branches:
Dungeon (5/15)
 Temple: D:4-7

Altars:
Fedhas

Annotations:
D:2 Terence


Innate Abilities, Weirdness & Mutations

You have extremely sharp teeth.
Your natural rate of healing is unusually fast.
When hurt, damage is shared between your health and your magic reserves.
Your bite disrupts and absorbs the magic of your enemies.
Potions and wands cannot restore your health.
You are immune to rotting.


Message History

You escape the ball python's grasp.
The ball python bites you.
* * * LOW HITPOINT WARNING * * *
The ball python grabs you. The ball python constricts you.
Unknown command.
You escape the ball python's grasp.
Unknown command.
The adder closely misses you.
Unknown command.
The adder barely misses you. The adder bites you.
You are poisoned.
The adder poisons you!
You feel sick.
Drink which item? (? for menu, Esc to quit)
It was a potion of brilliance.
You feel clever all of a sudden.
You feel sick. The adder bites you.
* * * LOW HITPOINT WARNING * * *
You are more poisoned.
The adder poisons you! The river rat bites you.
You die...

####### ######
#.....## ###..S.#
.......####..r.S@+
..###....rr...rr.#
.###....rr..rr...#
..##.r.r.##....≈≈###
.r.r....####..≈≈≈≈≈≈≈
...r...##≈≈≈≈≈≈≈≈≈≈≈≈≈
..≈≈≈≈≈≈≈≈≈≈≈≈≈≈≈≈≈≈≈≈
≈≈≈≈≈≈≈≈≈≈≈≈≈≈≈≈≈≈≈≈≈≈
≈≈≈≈≈≈≈≈≈≈≈≈≈≈≈≈≈≈≈≈≈≈


You could see an adder, 3 river rats, a ball python and 5 rats.

Vanquished Creatures
  An adder (D:2)
  A river rat (Sewer)
  An ooze (Sewer)
  An orc (D:4)
  2 ball pythons
  A giant cockroach (D:2)
  3 hobgoblins
  3 kobolds (Sewer)
  7 rats
20 creatures vanquished.

Vanquished Creatures (collateral kills)
  A scorpion (D:4)
  An adder (Sewer)
  A giant newt (Sewer)
  A rat (Sewer)
4 creatures vanquished.

Grand Total: 24 creatures vanquished

Notes
Turn   | Place    | Note
--------------------------------------------------------------
     0 | D:1      | Charly the Vine Stalker Transmuter began the quest for the Orb.
     0 | D:1      | Reached XP level 1. HP: 9/9 MP: 4/4
    24 | D:2      | Noticed Terence
    99 | D:2      | Reached XP level 2. HP: 11/14 MP: 4/6
   103 | D:2      | Learned a level 2 spell: Sticks to Snakes
   138 | D:2      | Found a blossoming altar of Fedhas.
   341 | D:4      | Noticed a scorpion
   353 | D:4      | Killed a scorpion
   353 | D:4      | Reached XP level 3. HP: 4/17 MP: 1/7
   361 | D:4      | Learned a level 3 spell: Spider Form
   372 | D:5      | Entered Level 5 of the Dungeon
   405 | D:4      | Found a glowing drain.
   412 | Sewer    | Entered a sewer
   424 | Sewer    | Reached skill level 4 in Unarmed Combat
   449 | Sewer    | Reached XP level 4. HP: 21/21 MP: 1/8
   536 | Sewer    | Slain by a river rat

Skill      XL: |  1  2  3 |
---------------+----------+-----
Transmutations | 3 |  3.0
Unarmed Combat | 4 |  4.3
Fighting       | |  0.8
Dodging        | |  1.5
Spellcasting   | |  2.1

Action                   |  1- 3 |  4- 6 || total
-------------------------+-------+-------++-------
Melee: Unarmed           |    62 |    13 ||    75
       Bite              |    12 |     2 ||    14
       Headbutt          |     1 |       ||     1
       Punch             |       |     1 ||     1
 Cast: Beastly Appendage |     1 |       ||     1
       Sticks to Snakes  |     3 |     1 ||     4
       Spider Form       |     1 |       ||     1
  Use: Potion            |       |     2 ||     2
 Stab: Sleeping          |     1 |       ||     1
  Eat: Beef jerky        |     1 |       ||     1
Armor: Robe              |     6 |     1 ||     7
Dodge: Dodged            |    28 |    15 ||    43
